Map: 环轨星港

Players

IIIIIIIIIIII - Winner!

  • Race: Protoss Protoss
  • League: Grandmaster

박코치

  • Race: Protoss Protoss
  • League: Grandmaster

VOD

Have the link to the VOD?

Description

Time

  • Played on: Jan. 22, 2016, 11:06 p.m.
  • Length: 16:25
Show
View Real Time Build Order
Export as new Build Order

IIIIIIIIIIII Protoss - Winner!

Build Orders: 1 Gate Expand, Blink Stalkers 

Get SALT Encoding   

  12  0:02  Probe (Chrono Boost)  
  13  0:15  Probe (Chrono Boost)  
  13  0:18  Pylon  
  14  0:26  Probe (Chrono Boost)  
  15  0:36  Probe (Chrono Boost)  
  15  0:40  Gateway  
  15  0:42  Assimilator  
  16  0:47  Probe (Chrono Boost)  
  17  0:58  Probe (Chrono Boost)  
  18  1:09  Probe (Chrono Boost)  
  19  1:20  Nexus  
  19  1:31  Cybernetics Core  
  19  1:34  Probe (Chrono Boost)  
  20  1:43  Pylon  
  20  1:45  Probe (Chrono Boost)  
  21  1:50  Assimilator  
  21  1:56  Probe (Chrono Boost)  
  22  2:06  Probe (Chrono Boost)  
  23  2:08  Warp Gate  
  23  2:09  Adept (Chrono Boost)  
  25  2:18  Probe  
  26  2:30  Probe  
  26  2:31  Probe  
  30  2:37  Stalker (Chrono Boost)  
  30  2:42  Probe  
  30  2:43  Mothership Core (Chrono Boost)  
  33  2:52  Probe (Chrono Boost)  
  34  3:03  Twilight Council  
  34  3:04  Probe (Chrono Boost)  
  34  3:05  Probe (Chrono Boost)  
  36  3:15  Probe x2 (Chrono Boost)  
  36  3:18  Stalker  
  40  3:26  Probe x2 (Chrono Boost)  
  40  3:35  Probe (Chrono Boost)  
  40  3:36  Probe (Chrono Boost)  
  40  3:40  Blink (Chrono Boost)  
  42  3:45  Probe, Assimilator  
  42  3:48  Probe, Assimilator  
  44  3:49  Gateway  
  44  3:51  Gateway  
  44  3:55  Probe  
  44  4:00  Robotics Facility  
  44  4:02  Probe  
  46  4:08  Probe  
  45  4:14  Probe  
  46  4:24  Pylon  
  46  4:25  Pylon  
  46  4:41  Probe, Nexus  
  46  4:42  Pylon  
  46  4:44  Probe  
  48  4:50  Sentry, Immortal (Chrono Boost)  
  48  4:51  Sentry, Probe  
  56  4:55  Pylon  
  56  4:57  Probe  
  56  4:59  Forge  
  58  5:00  Gateway  
  58  5:02  Probe  
  58  5:05  Gateway  
  59  5:07  Gateway  
  59  5:09  Probe  
  59  5:14  Probe  
  61  5:22  Probe, Pylon  
  61  5:26  Probe  
  61  5:27  Stalker x3  
  69  5:34  Probe  
  70  5:35  Protoss Ground Weapons Level 1 (Chrono Boost)  
  70  5:36  Observer  
  70  5:38  Probe  
  72  5:46  Probe  
  73  5:50  Probe  
  73  5:51  Gateway, Probe  
  73  5:52  Gateway  
  75  5:58  Probe  
  75  6:01  Immortal  
  75  6:02  Probe x2, Pylon  
  78  6:10  Probe  
  83  6:14  Robotics Bay  
  83  6:17  Assimilator  
  83  6:18  Probe  
  83  6:19  Probe  
  83  6:22  Assimilator  
  83  6:25  Probe  
  86  6:27  Robotics Facility  
  86  6:35  Warp Prism  
  86  6:37  Probe x2, Photon Cannon  
  86  6:39  Pylon  
  88  6:41  Probe  
  88  6:42  Pylon  
  91  6:49  Probe  
  92  7:00  Dark Shrine  
  92  7:02  Pylon, Photon Cannon  
  92  7:03  Probe  
  92  7:04  Pylon  
  92  7:05  Probe x2  
  92  7:07  Pylon  
  95  7:11  Protoss Ground Weapons Level 2 (Chrono Boost)  
  95  7:14  Pylon  
  95  7:17  Disruptor (Chrono Boost)  
  95  7:18  Disruptor (Chrono Boost)  
  101  7:25  Photon Cannon  
  101  7:28  Photon Cannon  
  101  7:31  Pylon  
  101  7:34  Pylon  
  101  7:36  Pylon  
  101  7:40  Stalker x3  
  101  7:41  Stalker x3  
  113  7:44  Adept x2  
  113  7:49  Photon Cannon  
  113  7:50  Pylon  
  117  7:51  Pylon  
  117  7:57  Disruptor (Chrono Boost)  
  120  8:13  Gateway  
  120  8:14  Dark Templar x2  
  120  8:16  Gateway  
  120  8:19  Zealot x2  
  128  8:34  Disruptor x2 (Chrono Boost)  
  128  8:39  Nexus  
  134  8:42  Pylon  
  134  8:44  Resonating Glaives (Chrono Boost)  
  132  8:50  Pylon  
  132  8:56  Stalker x5  
  142  9:06  Stalker x3  
  148  9:19  Pylon  
  148  9:21  Pylon  
  148  9:24  Assimilator  
  148  9:27  Templar Archives  
  148  9:32  Photon Cannon  
  148  9:38  Dark Templar x2, Zealot x2  
  152  9:39  Zealot x3  
  159  9:51  Stalker x3  
  141  10:04  Adept x3  
  142  10:08  Adept x2  
  128  10:15  Dark Templar x2  
  128  10:18  Zealot x3  
  118  10:44  Disruptor x2  
  116  10:57  Photon Cannon  
  116  10:59  Photon Cannon  
  116  11:00  Photon Cannon  
  116  11:04  Adept  
  116  11:05  Adept x9  
  116  11:06  Assimilator  
  136  11:13  Psionic Storm  
  136  11:15  Nexus  
  136  11:29  High Templar x2  
  140  11:34  Adept x6  
  140  11:35  Zealot x2  
  98  11:58  Adept x8  
  103  12:20  Adept x10  
  94  12:40  Stalker x3  
  94  12:41  Stalker x5  
  102  12:58  High Templar  
  104  12:59  High Templar  
  104  13:05  Assimilator  
  106  13:10  Pylon, Assimilator  
  106  13:13  Pylon  
  106  13:15  Protoss Ground Weapons Level 3 (Chrono Boost)  
  106  13:21  High Templar x2  
  110  13:30  Photon Cannon  
  110  13:31  Immortal (Chrono Boost)  
  110  13:39  Adept x3  
  120  13:50  Adept x4  
  126  13:57  Immortal (Chrono Boost)  
  130  14:05  High Templar x2  
  130  14:28  Immortal (Chrono Boost)  
  130  14:32  Immortal (Chrono Boost)  
  130  14:34  Dark Templar  
  136  14:40  Photon Cannon  
  136  14:41  Photon Cannon  
  136  14:44  Stalker x5  
  146  14:49  Dark Templar  
  148  14:58  Stalker x2  
  152  15:02  Observer (Chrono Boost)  
  152  15:06  Observer (Chrono Boost)  
  154  15:08  Stalker x3  
  160  15:19  Photon Cannon  
  160  15:20  Stalker x2  
  164  15:36  Stalker x2  
  164  15:37  Stalker x3  
  156  15:51  Adept x5  
  156  15:54  Archon x2  
  138  16:02  Adept x4  
  136  16:09  Stalker  
Show
View Real Time Build Order
Export as new Build Order

박코치 Protoss 

Build Orders: Blink Stalkers, Zealot Archon 

Get SALT Encoding   

  12  0:00  Probe (Chrono Boost)  
  13  0:11  Probe (Chrono Boost)  
  14  0:17  Pylon  
  14  0:21  Probe (Chrono Boost)  
  15  0:35  Probe (Chrono Boost)  
  16  0:36  Gateway  
  16  0:46  Probe (Chrono Boost)  
  16  0:47  Assimilator  
  17  0:56  Probe (Chrono Boost)  
  18  1:07  Probe (Chrono Boost)  
  18  1:08  Assimilator  
  19  1:17  Probe (Chrono Boost)  
  20  1:23  Cybernetics Core  
  20  1:28  Probe (Chrono Boost)  
  21  1:35  Assimilator  
  21  1:38  Probe (Chrono Boost)  
  22  1:40  Pylon  
  22  1:49  Probe (Chrono Boost)  
  23  1:59  Probe (Chrono Boost)  
  23  2:00  Stalker, Warp Gate  
  26  2:15  Nexus  
  26  2:21  Probe (Chrono Boost)  
  27  2:25  Pylon  
  27  2:31  Sentry  
  27  2:32  Probe (Chrono Boost)  
  30  2:41  Twilight Council  
  30  2:44  Probe (Chrono Boost)  
  31  2:54  Probe (Chrono Boost)  
  31  2:57  Stalker  
  34  3:05  Probe (Chrono Boost)  
  35  3:15  Probe (Chrono Boost)  
  36  3:21  Blink (Chrono Boost)  
  36  3:25  Probe  
  36  3:26  Probe  
  37  3:27  Stalker  
  39  3:36  Probe  
  39  3:38  Probe  
  41  3:46  Probe  
  42  3:50  Probe  
  42  3:53  Nexus  
  43  3:57  Probe  
  44  4:03  Mothership Core  
  44  4:07  Probe  
  45  4:18  Probe  
  45  4:19  Stalker  
  45  4:22  Pylon  
  49  4:24  Probe  
  49  4:25  Robotics Facility  
  49  4:28  Probe, Oracle  
  50  4:33  Gateway  
  50  4:35  Gateway  
  50  4:37  Gateway  
  50  4:39  Probe  
  50  4:40  Probe  
  50  4:43  Sentry  
  54  4:47  Assimilator  
  54  4:49  Assimilator  
  54  4:50  Probe  
  56  4:52  Probe  
  56  4:57  Pylon  
  56  5:01  Probe  
  56  5:04  Probe  
  56  5:05  Probe  
  59  5:11  Probe  
  59  5:13  Charge (Chrono Boost)  
  60  5:15  Probe  
  60  5:17  Probe  
  60  5:18  Observer  
  63  5:22  Probe  
  63  5:25  Probe  
  65  5:29  Probe, Pylon  
  65  5:32  Probe  
  67  5:36  Probe  
  67  5:37  Pylon  
  67  5:40  Immortal (Chrono Boost)  
  67  5:41  Probe  
  73  5:43  Pylon  
  73  5:44  Probe, Pylon  
  73  5:46  Probe  
  75  5:51  Phoenix  
  75  5:53  Probe  
  75  5:56  Probe, Assimilator  
  77  5:57  Probe  
  77  5:58  Pylon  
  77  5:59  Forge  
  77  6:01  Assimilator  
  78  6:05  Probe  
  78  6:07  Probe  
  78  6:08  Probe  
  78  6:10  Pylon  
  81  6:16  Immortal (Chrono Boost), Pylon  
  81  6:18  Probe x2  
  86  6:20  Probe  
  88  6:29  Pylon  
  91  6:41  Pylon  
  91  6:43  Templar Archives  
  91  6:46  Immortal (Chrono Boost)  
  88  6:51  Protoss Ground Weapons Level 1 (Chrono Boost)  
  88  6:52  Zealot x4  
  100  6:55  Pylon  
  100  7:07  Pylon  
  100  7:11  Stargate  
  100  7:13  Gateway, Stargate  
  100  7:14  Gateway  
  100  7:17  Gateway  
  100  7:18  Immortal  
  100  7:19  Gateway  
  100  7:20  Gateway  
  100  7:22  Gateway  
  100  7:24  Pylon x2  
  100  7:27  High Templar x2  
  100  7:28  High Templar x2  
  112  7:32  Archon x2  
  112  7:41  Phoenix (Chrono Boost)  
  112  7:57  Phoenix x2 (Chrono Boost)  
  112  7:58  Nexus  
  120  7:59  Pylon  
  120  8:07  Warp Prism  
  118  8:16  Zealot, High Templar x2  
  118  8:17  Zealot x5  
  118  8:19  Phoenix (Chrono Boost)  
  138  8:20  Phoenix (Chrono Boost), Archon  
  138  8:22  Zealot x2  
  138  8:25  Photon Cannon  
  142  8:29  Photon Cannon  
  142  8:32  Photon Cannon  
  142  8:38  Photon Cannon  
  146  8:41  Phoenix x2 (Chrono Boost)  
  146  8:43  Observer  
  147  9:04  Immortal (Chrono Boost)  
  147  9:07  High Templar x2  
  147  9:08  Zealot x8  
  171  9:12  Archon  
  169  9:33  Zealot x8  
  184  9:42  Observer (Chrono Boost)  
  152  9:55  Zealot x7  
  152  9:56  Zealot x2  
  152  9:57  Zealot  
  168  10:01  Observer (Chrono Boost)  
  105  10:22  Observer (Chrono Boost)  
  95  10:29  Zealot x6  
  95  10:30  Zealot x3  
  95  10:31  Zealot  
  96  10:50  High Templar x4  
  96  10:51  Zealot, High Templar x4  
  96  10:55  Archon x4  
  106  11:12  High Templar x2  
  106  11:16  Archon  
  106  11:17  Observer (Chrono Boost)  
  111  11:22  Zealot x4  
  111  11:23  Zealot x4  
  123  11:42  Zealot x5  
  123  11:43  Zealot x3  
  115  11:47  Zealot x2  
  105  11:56  Immortal  
  95  12:11  Zealot x2, High Templar x4  
  95  12:12  Zealot x3  
  107  12:16  Archon  
  107  12:17  Archon  
  89  12:31  Stalker x2  
  89  12:32  Stalker x3  
  61  12:48  Stalker x5  
  61  12:49  Stalker  
  73  12:59  Stalker, Assimilator  
  73  13:03  Assimilator  
  75  13:06  Stalker  
  75  13:07  Stalker  
  79  13:14  Stalker  
  79  13:15  Stalker  
  83  13:48  Stalker x4  
  83  13:49  Stalker x3  
  97  14:00  Stalker x2  
  101  14:06  Stalker  
  103  14:14  High Templar x2  
  107  14:17  Archon  
  107  14:25  Stalker x3  
  113  14:36  Warp Prism (Chrono Boost)  
  115  14:45  Dark Shrine  
  115  14:52  Zealot x2  
  119  14:53  Zealot  
  121  15:00  Zealot x2  
  121  15:05  Zealot  
  121  15:06  Zealot  
  129  15:08  Immortal (Chrono Boost)  
  133  15:14  High Templar  
  133  15:15  High Templar  
  133  15:16  Zealot  
  133  15:17  Zealot  
  133  15:19  Archon  
  139  15:40  Zealot x7  
  137  15:52  Zealot x3  
  84  16:08  Zealot x5  
  81  16:14  Zealot x2  
Tags
 
Add a new tag
Caveats
  • Supply blocks, unpowered buildings, or Contaminate may cause inaccurate times.
  • Supply counts are checked every 10 seconds.